 Dungeon Crawl Stone Soup version 0.29.0-4-gdea44cf6ec (webtiles) character file.

Game seed: 13563641586485017867

51 qw the Chopper (level 3, -2/26 HPs)
             Began as a Barachi Chaos Knight on Sept 6, 2022.
             Slain by an ice devil (8 damage)
             ... summoned by Xom
             ... on level 2 of the Dungeon.
             The game lasted 00:00:38 (1468 turns).

qw the Chopper (Barachi Chaos Knight)               Turns: 1468, Time: 00:00:39

Health: -2/26      AC: 13    Str: 15      XL:     3   Next: 81%
Magic:  3/3        EV:  6    Int: 12      God:
Gold:   60         SH:  0    Dex:  8 (11) Spells: 2/2 levels left

rFire   + . .      SeeInvis .   Y - +1 hand axe (chaos)
rCold   . . .      Faith    .   (no shield)
rNeg    . . .      Spirit   .   g - +0 chain mail
rPois   .          Reflect  .   (no helmet)
rElec   .          Harm     .   (no cloak)
rCorr   .          Rampage  .   (no gloves)
Will    .....                   h - +2 pair of boots
Stlth   ..........              (no amulet)
HPRegen 0.08/turn               d - ring of protection from fire
MPRegen 0.08/turn               (no ring)

@: unable to read, slow
A: amphibious, slowness 1, strong legs 1, +LOS, iridescent scales 1,
deterioration 1, frail 1, inability to read after injury 1
a: Hop


You were on level 2 of the Dungeon.
You visited 1 branch of the dungeon, and saw 2 of its levels.

You collected 60 gold pieces.


Innate Abilities, Weirdness & Mutations

You are amphibious.
You cover ground slowly.
You can hop short distances.
You have an extended range of vision and can be seen from far away.
You are partially covered in iridescent scales. (AC +2)
Your body sometimes deteriorates upon taking damage.
You are frail. (-10% HP)
You occasionally lose the ability to read scrolls when taking damage.


   Skills:
 - Level 3.6 Fighting
 + Level 5.1 Axes
 - Level 2.4 Armour
 - Level 1.1 Dodging


You had 2 spell levels left.
You didn't know any spells.
Your spell library was empty.

Inventory:

Hand Weapons
 e - a +0 whip
 Y - a +1 hand axe of chaos (weapon)
Armour
 g - a +0 chain mail (worn)
 h - a +2 pair of boots (worn)
Jewellery
 a - a ring of protection from cold
 d - a ring of protection from fire (left hand)
Scrolls
 b - a scroll of summoning {unknown}
Potions
 f - 2 potions of invisibility {unknown}
Miscellaneous
 c - a piece from Xom's chessboard (15/15)

Dungeon Overview and Level Annotations

Branches:
Dungeon (2/15)

Altars:

Shops:
D:1 *


Message History

You hit the white imp but do no damage.
You feel yourself speed up. The quasit barely misses you. x2
The quasit claws you but does no damage.
The white imp barely misses you.
The soul eater draws from the surrounding life force!
The iron imp hits you! The quasit closely misses you.
The quasit claws you but does no damage. x2
You barely miss the iron imp.
The iron imp is lightly wounded.
You barely miss the white imp. You closely miss the quasit.
The white imp hits you but does no damage.
The soul eater draws from the surrounding life force!
The quasit bites you but does no damage.
The quasit claws you but does no damage. x2
The iron imp completely misses you.
You barely miss the iron imp.
The iron imp is lightly wounded.
You hit the quasit but do no damage. You barely miss the white imp.
The quasit bites you.
The quasit claws you but does no damage. x2
You hit the iron imp.
The iron imp is heavily wounded.
You hit the ice devil.
Lightning courses through the ice devil!
You miss the quasit.
The quasit bites you but does no damage.
The quasit barely misses you.
The quasit claws you but does no damage.
The iron imp hits you.
Your body deteriorates!
You feel clumsy.
You barely miss the ice devil.
The ice devil is heavily wounded.
You hit the iron imp.
You hit the soul eater but do no damage.
The ice devil hits you.
You feel threatened and lose the ability to read scrolls!
The ice devil freezes you!
You die... "Huh?
Did I miss anything?"

####.## #.#.# ###
#.#.# #####
#####.#.# #..[#
#....#..# ##.## ##
#.###.### #.# .#
#.# #.### #.# .#
#.# #...# #5# .#
##.#####.####4# .#
#.........53@5#
.####..#####.######
.......#####.#
.:...........#
.############# .#
.# .# ##


You could see a soul eater (summoned), an ice devil (summoned), an iron imp
(summoned), a quasit (summoned) and a white imp (summoned).

Vanquished Creatures
  An ufetubus (D:2)
  2 worms (D:2)
  2 dart slugs
  4 ball pythons
  6 endoplasms
  2 giant cockroaches
  A goblin (D:2)
  A hobgoblin (D:2)
  5 jackals (D:1)
  A kobold (D:2)
  A quokka (D:2)
  2 bats (D:1)
  A frilled lizard (D:2)
  2 rats (D:2)
31 creatures vanquished.

Vanquished Creatures (others)
  A jackal (D:1)
1 creature vanquished.

Grand Total: 32 creatures vanquished

Notes
Turn   | Place    | Note
-------+----------+-------------------------------------------
     0 | D:1      | qw the Barachi Chaos Knight began the quest for the Orb.
     0 | D:1      | Reached XP level 1. HP: 18/18 MP: 1/1
     0 | D:1      | 0 ||| qw: Version: 0.1-a-107-g9ff403c
     0 | D:1      | 0 ||| qw: Game counter: 6110
     0 | D:1      | 0 ||| qw: Always use a shield: true
     0 | D:1      | 0 ||| qw: God list: Okawaru
     0 | D:1      | 0 ||| qw: Allow faded altars: false
     0 | D:1      | 0 ||| qw: Do Orc after D:15 true
     0 | D:1      | 0 ||| qw: Do second Lair branch before Depths: true
     0 | D:1      | 0 ||| qw: Lair rune preference: random
     0 | D:1      | 0 ||| qw: Plans: Normal
     0 | D:1      | 0 ||| PLANNING D:1-11
     0 | D:1      | Fell from the grace of Xom
   182 | D:1      | 182 ||| Stepping ~*~*~tactically~*~*~ (stealth).
   183 | D:1      | XOM: noise
   192 | D:1      | Reached XP level 2. HP: 20/24 MP: 2/2
   194 | D:1      | Reached skill level 4 in Axes
   230 | D:1      | 230 ||| Stepping ~*~*~tactically~*~*~ (stealth).
   238 | D:1      | 238 ||| Stepping ~*~*~tactically~*~*~ (stealth).
   359 | D:1      | XOM: stat loss: -3 Dex (8/11)
   450 | D:1      | 450 ||| Stepping ~*~*~tactically~*~*~ (stealth).
   454 | D:1      | Found Fuiggacaal's Assorted Antiques.
   459 | D:1      | 459 ||| SHOPLISTING scroll labelled DIBETORIUPP (19 gold,
                  | have 7).
   459 | D:1      | 459 ||| SHOPLISTING scroll labelled FOENWE COUSS (19 gold,
                  | have 7).
   459 | D:1      | 459 ||| SHOPLISTING scroll labelled PAB WESETS (19 gold,
                  | have 7).
   459 | D:1      | 459 ||| SHOPLISTING scroll labelled ULEYNEPOAW (19 gold,
                  | have 7).
   459 | D:1      | 459 ||| SHOPLISTING smoky sapphire potion (17 gold, have
                  | 7).
   682 | D:1      | 682 ||| UPGRADING to +0 chain mail.
   692 | D:1      | 692 ||| DROPPING +2 leather armour.
   693 | D:1      | 693 ||| UPGRADING to +2 pair of boots.
   698 | D:1      | 698 ||| UPGRADING to ring of protection from fire.
   699 | D:1      | 699 ||| READING scroll labelled PAB WESETS.
   702 | D:1      | 702 ||| READING scroll labelled LACICKEKUF.
   770 | D:2      | Reached XP level 3. HP: 16/29 MP: 3/3
   926 | D:2      | XOM: blink monster(s)
   934 | D:2      | 934 ||| FLEEEEING.
   935 | D:2      | 935 ||| FLEEEEING.
   936 | D:2      | 936 ||| FLEEEEING.
   937 | D:2      | 937 ||| FLEEEEING.
   938 | D:2      | 938 ||| FLEEEEING.
   939 | D:2      | 939 ||| FLEEEEING.
   940 | D:2      | 940 ||| FLEEEEING.
  1054 | D:2      | XOM: polymorph adder -> rat
  1086 | D:2      | 1086 ||| Stepping ~*~*~tactically~*~*~ (stealth).
  1164 | D:2      | Reached skill level 5 in Axes
  1169 | D:2      | XOM: give mutation
  1169 | D:2      | Gained mutation: You are frail. (-10% HP) [Xom's mischief]
  1307 | D:2      | 1307 ||| Stepping ~*~*~tactically~*~*~ (stealth).
  1312 | D:2      | XOM: give mutations
  1312 | D:2      | Gained mutation: Your body sometimes deteriorates upon
                  | taking damage. [Xom's mischief]
  1312 | D:2      | Gained mutation: You occasionally lose the ability to read
                  | scrolls when taking damage. [Xom's mischief]
  1312 | D:2      | Gained mutation: You are partially covered in iridescent
                  | scales. (AC +2) [Xom's mischief]
  1462 | D:2      | XOM: summons 5 hostile demons
  1463 | D:2      | Noticed an ice devil
  1463 | D:2      | Noticed a soul eater
  1468 | D:2      | HP: 6/26 [ice devil[Xom] (5)]
  1468 | D:2      | Slain by an ice devil

Levels and vault maps discovered:
D:1:      amcnicky_arrival_abandoned_market, layout_rooms, serial_shops,
          nicolae_shop_stone, kennysheep_decorative_pillar,
          minmay_strange_pillars, minmay_misc_feat_enclosed, nrook_mini_vaults,
          minmay_fountain_box, minmay_misc_feat_secret_circle
D:2:      layout_loops_ring, serial_shops, nicolae_lakefront_shop, uniq_terence

Skill      XL: |  1  2  3 |
---------------+----------+-----
Axes           | 4 5 |  5.1
Fighting       | |  3.6
Armour         | |  2.4
Dodging        | |  1.1

Action                   || total
-------------------------++-------
Melee: Hand axe          ||    75
Invok: Renounce Religion ||     1
  Use: Scroll            ||     2
Armor: Leather armour    ||    12
       Chain mail        ||    28
Dodge: Dodged            ||    51

Table legend:
 A = Non-vault XP
 B = Vault XP
 C = Vault XP percentage of total XP
 D = Non-vault monster count
 E = Vault monster count
 F = Vault count percentage of total count
                 A         B        C        D         E       F
            +---------+---------+-------+---------+---------+-------
      Total |      73 |       0 |   0.0 |      32 |       0 |   0.0
            +---------+---------+-------+---------+---------+-------
        D:1 |      28 |       0 |   0.0 |      15 |       0 |   0.0
        D:2 |      45 |       0 |   0.0 |      17 |       0 |   0.0
            +---------+---------+-------+---------+---------+-------
